 Dungeon Crawl Stone Soup version 0.28.0-53-g5a82cb258f (webtiles) character file.

Game seed: 2617272208276737899

231 Qrupt the Digger (level 6, -1/32 HPs)
             Began as a Gargoyle Earth Elementalist on July 30, 2022.
             Shot with a bolt by a kobold (8 damage)
             ... in a sewer.
             The game lasted 00:07:43 (3466 turns).

Qrupt the Digger (Gargoyle Earth Elementalist)      Turns: 3466, Time: 00:07:43

Health: -1/32      AC:  6    Str: 11    XL:     6   Next: 3%
Magic:  0/11       EV: 11    Int: 18    God:
Gold:   157        SH:  0    Dex: 10    Spells: 8/12 levels left

rFire   . . .      SeeInvis .   k - +0 glaive
rCold   . . .      Faith    .   (shield currently unavailable)
rNeg    + . .      Spirit   .   b - +0 robe
rPois   ∞          Reflect  .   (no helmet)
rElec   +          Harm     .   (no cloak)
rCorr   .          Rampage  .   (no gloves)
Will    .....                   (no boots)
Stlth   ++........              (no amulet)
HPRegen 0.10/turn               (no ring)
MPRegen 0.12/turn               (no ring)

@: weak-willed
A: sickness immunity, AC +4, negative energy resistance 1, electricity
resistance, torment resistance 1, petrification resistance
a: no special abilities


You were in a sewer.
You visited 1 branch of the dungeon, and saw 4 of its levels.
You also visited: Sewer.

You collected 157 gold pieces.

Inventory:

Hand Weapons
 k - a +0 glaive (weapon)
Missiles
 a - 8 poisoned darts (quivered)
 c - 33 stones
Armour
 b - a +0 robe (worn)
Jewellery
 d - a ring of wizardry
 i - a +6 ring of strength
Scrolls
 o - a scroll of teleportation {unknown}
 p - a scroll of enchant armour {unknown}
 q - a scroll of identify {unknown}
Potions
 e - 2 potions of haste {unknown}
 g - 2 potions of curing {unknown}
 h - 2 potions of magic {unknown}
 j - a potion of attraction {unknown}
 l - a potion of might {unknown}
 n - 2 potions of degeneration {unknown}


   Skills:
 - Level 0.2 Fighting
 - Level 0.3 Short Blades
 - Level 0.8 Polearms
 - Level 1.5 Dodging
 - Level 2.1 Stealth
 + Level 3.6 Spellcasting
 * Level 2.0 Conjurations
 + Level 1.2 Transmutations
 * Level 5.5 Earth Magic


You had 8 spell levels left.
You knew the following spells:

 Your Spells              Type           Power      Damage    Failure   Level
a - Sandblast             Erth           46%        2d11      1%          1
b - Stone Arrow           Conj/Erth      32%        3d9       10%         3

Your spell library contained the following spells:

 Spells                   Type           Power      Damage    Failure   Level
 Passwall                 Tmut/Erth      12%        N/A       6%          2
 Conjure Flame            Conj/Fire      6%         6-21      30%         3
 Ignite Poison            Fire/Tmut/Pois 4%         N/A       36%         3
 Petrify                  Tmut/Erth      15%        N/A       36%         4
 Sticky Flame             Conj/Fire      6%         2d3       69%         4


Dungeon Overview and Level Annotations

Branches:
Dungeon (4/15)              Sewer (1/1)
 Temple: D:4-7

Altars:
Gozag

Shops:
D:2 !


Innate Abilities, Weirdness & Mutations

You are immune to sickness and miasma.
Your stone body is resilient. (AC +4)
You are immune to poison.
You resist negative energy. (rN+)
You are resistant to electric shocks. (rElec)
You are resistant to unholy torment.
You are immune to petrification.


Message History

The blast of sand hits the kobold brigand!
The kobold brigand is severely wounded.
c - 36 stones
Casting: Sandblast (safe; 1% risk of failure)
Confirm with . or Enter, or press ? or * to list all spells.
Aiming: Sandblast (safe; 1% risk of failure)
Press: ? - help, Shift-Dir - straight line, f/p - kobold brigand
Aim: a kobold brigand, wielding a +0 dagger and quivering poisoned darts (heavily wounded, weak-willed, 76% to hit)
The blast of sand hits the kobold brigand!
You kill the kobold brigand!
c - 35 stones The kobold brigand throws a curare-tipped dart.
The curare-tipped dart hits you.
Your Conjurations skill increases to level 2!
You have reached level 6!
Casting: Sandblast (safe; 1% risk of failure)
Confirm with . or Enter, or press ? or * to list all spells.
Aiming: Sandblast (safe; 1% risk of failure)
Press: ? - help, Shift-Dir - straight line, f - kobold brigand
Aim: a kobold brigand, wielding a +0 club and quivering curare-tipped darts (severely wounded, 76% to hit)
The blast of sand hits the kobold brigand!
The kobold brigand is almost dead.
c - 34 stones The kobold shoots a bolt.
The bolt hits you.
Unknown command.
The kobold brigand throws a curare-tipped dart.
The curare-tipped dart barely misses you.
The kobold shoots a bolt.
The bolt hits you!
The kobold shoots a bolt.
The bolt hits you.
* * * LOW HITPOINT WARNING * * *
Casting: Sandblast (safe; 1% risk of failure)
Confirm with . or Enter, or press ? or * to list all spells.
Aiming: Sandblast (safe; 1% risk of failure)
Press: ? - help, Shift-Dir - straight line, f/p - kobold brigand
Aim: a kobold brigand, wielding a +0 club and quivering curare-tipped darts (almost dead, 76% to hit)
The blast of sand hits the kobold brigand!
You kill the kobold brigand!
c - 33 stones The kobold shoots a bolt.
The bolt hits you!
You die...

##.....≈P≈≈≈≈
#.......≈≈#≈≈
#......P.P#≈≈
##........#
#........#
#...P..≈≈# ≈≈
##P.....≈≈#≈≈≈
#.P.....≈P#≈≈
##...@.≈≈≈≈≈≈
#.....≈≈≈#≈≈
##....P≈≈#
#..)...≈#
#.P....≈#
#..)....#
##...K.≈#
#.KK≈≈≈#
###.P≈≈#


You could see 2 kobold brigands and a kobold (weak-willed).

Vanquished Creatures
  2 kobold brigands (Sewer)
  3 gnolls (D:3)
  6 adders
  3 worms
  A dart slug (D:1)
  An orc (D:3)
  8 ball pythons
  2 bats
  7 endoplasms
  4 giant cockroaches
  5 goblins
  5 hobgoblins
  2 quokkas
  4 frilled lizards
  8 kobolds
  8 rats
69 creatures vanquished.

Vanquished Creatures (others)
  A plant (D:3)
1 creature vanquished.

Grand Total: 70 creatures vanquished

Notes
Turn   | Place    | Note
-------+----------+-------------------------------------------
     0 | D:1      | Qrupt the Gargoyle Earth Elementalist began the quest for
                  | the Orb.
     0 | D:1      | Reached XP level 1. HP: 10/10 MP: 3/3
   205 | D:1      | Reached skill level 4 in Earth Magic
   317 | D:1      | Reached XP level 2. HP: 15/15 MP: 3/5
   849 | D:1      | Found a faded altar of an unknown god.
  1195 | D:2      | Reached XP level 3. HP: 14/19 MP: 4/6
  1318 | D:2      | Found Naasm's Distillery.
  1451 | D:2      | Found an opulent altar of Gozag.
  1607 | D:2      | Reached XP level 4. HP: 24/24 MP: 8/8
  2369 | D:3      | Learned a level 3 spell: Stone Arrow
  2512 | D:3      | Reached skill level 5 in Earth Magic
  2514 | D:3      | Reached XP level 5. HP: 28/28 MP: 4/10
  2705 | D:3      | Reached skill level 1 in Conjurations
  2811 | D:3      | Reached skill level 1 in Transmutations
  3124 | D:4      | Found a glowing drain.
  3145 | Sewer    | Entered a sewer
  3448 | Sewer    | Noticed a kobold brigand
  3448 | Sewer    | Noticed a kobold brigand
  3448 | Sewer    | Noticed a kobold brigand
  3449 | Sewer    | Noticed a kobold brigand
  3460 | Sewer    | Killed a kobold brigand
  3461 | Sewer    | Reached XP level 6. HP: 24/32 MP: 1/11
  3466 | Sewer    | Shot with a bolt by a kobold

Illustrated notes

Levels and vault maps discovered:
D:1:      lemuel_arrival_lava_pool, layout_basic, nicolae_ecumenical_lake_church
D:2:      layout_loops_cross, serial_shops, shop, basic_altar, minmay_cut_off
D:3:      layout_loops_cross, saegor_snake_ambush
D:4:      layout_basic, minmay_temple_entry_slanted,
          cheibrodos_sewer_entry_drain, minmay_vboxes
Sewer:    kennysheep_pipe_town

Skill      XL: |  1  2  3  4  5 |
---------------+----------------+-----
Earth Magic    | 4 5 |  5.5
Spellcasting   | 3 |  3.6
Conjurations   | 2 |  2.0
Transmutations | 1 |  1.2
Fighting       | |  0.2
Short Blades   | |  0.3
Polearms       | |  0.8
Dodging        | |  1.5
Stealth        | |  2.1

Action                   |  1- 3 |  4- 6 || total
-------------------------+-------+-------++-------
Melee: Unarmed           |     3 |       ||     3
       Dagger            |    49 |       ||    49
       Glaive            |     3 |    95 ||    98
Throw: Dart              |     1 |       ||     1
 Cast: Sandblast         |    23 |    22 ||    45
       Stone Arrow       |       |     3 ||     3
  Use: Scroll            |       |     2 ||     2
 Stab: Sleeping          |     3 |     6 ||     9
       Distracted        |       |     1 ||     1
Armor: Robe              |    17 |    43 ||    60
Dodge: Dodged            |    30 |    77 ||   107
